Map: Finsterer Dschungel

Players

RiseAgainst - Winner!

  • Race: Terran Terran
  • League: Diamond
  • Spawn Location: 1:00

Panda - Winner!

  • Race: Zerg Zerg
  • League: Platinum
  • Spawn Location: 11:00

JockR

  • Race: Terran Terran
  • Spawn Location: 7:00

ojjo

  • Race: Protoss Protoss
  • Spawn Location: 5:00

VOD

Have the link to the VOD?

Description

Time

  • Played on: Aug. 31, 2017, 12:28 p.m.
  • Length: 12:44
Show
View Real Time Build Order
Export as new Build Order

RiseAgainst Terran - Winner!

Build Orders: Reaper Expand, Bio Tank 

Get SALT Encoding   

  12  0:01  SCV  
  13  0:13  SCV  
  14  0:18  Supply Depot  
  14  0:25  SCV  
  15  0:40  SCV  
  15  0:41  Barracks  
  16  0:47  Refinery  
  16  0:52  SCV  
  17  1:04  SCV  
  18  1:17  SCV  
  19  1:29  Orbital Command  
  19  1:31  Reaper  
  20  1:52  Command Center  
  20  1:55  SCV  
  21  2:01  Supply Depot  
  21  2:06  Barracks Reactor  
  21  2:14  SCV  
  22  2:21  Barracks  
  22  2:26  SCV  
  23  2:39  SCV  
  23  2:42  Marine x2  
  25  2:47  Refinery  
  25  2:48  Factory  
  25  3:00  Marine x2  
  27  3:09  SCV  
  28  3:13  Barracks Tech Lab  
  28  3:18  Marine x2  
  30  3:23  SCV  
  30  3:26  Orbital Command  
  31  3:32  Factory Tech Lab, Marine  
  31  3:33  Stimpack  
  32  3:37  Supply Depot, Marine x2  
  34  3:42  SCV  
  35  3:52  SCV  
  35  3:54  SCV  
  37  3:57  Marine x2  
  37  3:58  Marine  
  37  3:59  Siege Tank  
  43  4:04  SCV  
  44  4:11  Starport  
  44  4:15  Marine  
  45  4:17  SCV x2  
  45  4:22  Marine x2  
  49  4:29  Engineering Bay  
  49  4:30  SCV  
  50  4:33  SCV  
  51  4:39  Siege Tank  
  54  4:49  Supply Depot  
  54  4:56  Supply Depot  
  54  5:02  Terran Infantry Weapons Level 1  
  54  5:06  Supply Depot  
  54  5:10  Medivac, Marine, SCV x2  
  54  5:13  Marine  
  54  5:14  Marine, Refinery  
  61  5:22  Siege Tank, SCV  
  61  5:23  SCV  
  61  5:26  Refinery  
  66  5:30  Marine  
  66  5:31  Marine  
  66  5:35  SCV  
  69  5:41  SCV  
  70  5:49  SCV  
  71  5:52  Marine x3  
  71  5:54  Siege Tank  
  77  6:02  Combat Shields  
  77  6:04  SCV  
  77  6:05  Barracks  
  77  6:06  Barracks  
  77  6:10  Supply Depot  
  78  6:13  Starport Reactor  
  78  6:19  Supply Depot  
  78  6:31  Siege Tank, Marine x3, SCV x2  
  86  6:42  Supply Depot  
  86  6:44  SCV  
  87  6:49  Marine  
  87  6:53  SCV  
  89  6:56  SCV, Terran Infantry Armor Level 1  
  89  6:58  Command Center  
  90  7:08  Viking x2  
  94  7:19  Marine x4  
  94  7:20  Marine  
  95  7:25  Siege Tank  
  95  7:28  SCV x2  
  100  7:30  Barracks, Supply Depot  
  100  7:32  Supply Depot  
  100  7:33  Engineering Bay  
  100  7:34  Armory  
  100  7:37  Marine  
  93  7:53  Medivac x2  
  89  8:18  Barracks Reactor x2  
  89  8:21  Supply Depot  
  89  8:25  Supply Depot  
  78  8:48  Barracks Reactor  
  78  8:55  Terran Infantry Armor Level 2, Terran Infantry Weapons Level 2  
  78  8:56  Terran Vehicle Weapons Level 1  
  78  8:59  Siege Tank  
  78  9:00  Marine x6  
  84  9:05  Factory  
  84  9:14  Marine  
  77  9:17  Marine  
  77  9:18  Marine x3  
  77  9:20  Orbital Command  
  77  9:22  SCV x2  
  77  9:23  Medivac  
  77  9:24  Medivac  
  87  9:30  Marine x4  
  91  9:32  Marine  
  91  9:34  SCV x2  
  91  9:35  Marine x3  
  91  9:38  Siege Tank  
  100  9:46  SCV x2  
  100  9:49  Missile Turret  
  100  9:51  Missile Turret  
  100  9:52  Factory Tech Lab  
  102  9:54  Missile Turret  
  102  9:56  SCV  
  102  9:58  SCV x2  
  102  9:59  Refinery  
  105  10:01  Sensor Tower, Refinery  
  105  10:06  Marine x4  
  105  10:07  Marine x5  
  109  10:08  SCV  
  109  10:10  SCV  
  116  10:24  Marine x5  
  116  10:25  Marine  
  121  10:49  Liberator x2, Marine x5  
  125  10:53  Marine x4  
  125  10:55  Siege Tank x2  
  130  11:07  Marine x4  
  130  11:09  Supply Depot  
  130  11:10  Starport  
  130  11:11  Supply Depot x2  
  140  11:12  Supply Depot  
  140  11:13  Marine x5  
  140  11:14  Command Center  
  145  11:24  Marine  
  146  11:27  Siege Tank  
  146  11:31  SCV x2  
  151  11:47  Marine  
  151  11:48  Marine x7  
  151  11:49  Marine  
  160  12:03  Siege Tank x2  
  160  12:05  Marine x2  
  160  12:06  Marine x2  
  170  12:11  Marine x5  
  175  12:17  Supply Depot  
  175  12:19  SCV  
  176  12:23  Marine  
Show
View Real Time Build Order
Export as new Build Order

Panda Zerg - Winner!

Build Orders: Hatch First 

Get SALT Encoding   

  12  0:01  Drone  
  13  0:12  Overlord  
  13  0:18  Drone  
  14  0:31  Drone x2  
  14  0:35  Drone  
  17  0:43  Extractor  
  17  0:45  Drone  
  18  0:59  Hatchery  
  17  1:05  Drone  
  17  1:11  Extractor  
  17  1:19  Spawning Pool  
  17  1:21  Drone  
  17  1:22  Extractor  
  16  1:31  Overlord  
  17  1:40  Drone x2  
  19  2:06  Queen  
  19  2:07  Zergling x4  
  23  2:12  Drone x2  
  25  2:20  Metabolic Boost  
  25  2:34  Drone  
  25  2:35  Drone x3  
  29  2:51  Spine Crawler, Queen  
  30  2:59  Drone x4  
  34  3:14  Drone x2  
  34  3:16  Overlord x2  
  36  3:39  Drone x6, Roach Warren  
  41  3:44  Extractor  
  41  3:47  Extractor  
  39  3:53  Lair  
  39  3:58  Queen  
  39  4:01  Drone x2  
  43  4:22  Drone x2  
  43  4:23  Drone x5  
  49  4:38  Evolution Chamber  
  48  4:39  Zergling x4  
  48  4:40  Zergling x2  
  48  4:41  Overlord x3  
  50  5:02  Spine Crawler  
  50  5:05  Evolution Chamber  
  48  5:07  Glial Reconstitution  
  48  5:25  Zerg Ground Armor Level 1  
  48  5:26  Overlord  
  48  5:27  Overlord x2  
  47  5:40  Zerg Missile Weapons Level 1  
  46  5:54  Hatchery  
  45  5:57  Roach  
  45  5:58  Roach x3  
  45  5:59  Zergling x2  
  45  6:00  Zergling x12  
  60  6:20  Roach x4  
  60  6:23  Queen  
  69  6:41  Overseer  
  69  6:42  Overseer  
  69  6:44  Hatchery  
  68  6:48  Roach x7  
  82  6:55  Roach x2  
  82  6:56  Overlord x2  
  86  7:09  Roach x4  
  95  7:23  Ravager  
  95  7:25  Zergling x2  
  95  7:26  Zergling x10  
  95  7:27  Queen  
  95  7:28  Drone  
  88  7:55  Zergling x16  
  83  8:21  Zergling x18  
  83  8:26  Queen  
  94  8:27  Drone x2  
  94  8:33  Infestation Pit  
  93  8:35  Zerg Ground Armor Level 2  
  74  8:58  Drone x2  
  69  9:12  Roach x6  
  69  9:13  Roach  
  81  9:17  Roach  
  81  9:18  Roach x9  
  81  9:22  Pathogen Glands  
  101  9:29  Extractor  
  101  9:30  Extractor  
  92  9:32  Zerg Missile Weapons Level 2  
  88  9:38  Extractor  
  87  9:50  Drone  
  87  9:51  Drone x2  
  90  9:57  Spore Crawler  
  90  9:58  Spore Crawler  
  88  10:02  Spine Crawler  
  88  10:03  Spine Crawler  
  88  10:04  Spine Crawler  
  88  10:06  Spore Crawler, Spine Crawler  
  83  10:08  Spore Crawler x2  
  83  10:10  Drone x6  
  89  10:28  Roach  
  89  10:29  Roach x6  
  97  10:42  Zergling x2  
  98  10:43  Zergling x8  
  98  11:11  Spine Crawler  
  98  11:12  Spine Crawler  
  96  11:18  Spine Crawler  
  95  11:28  Drone x3  
  75  11:58  Drone x5  
  74  12:20  Roach  
  74  12:21  Roach x3  
  74  12:22  Zergling x2  
  91  12:36  Spore Crawler  
Show
View Real Time Build Order
Export as new Build Order

JockR Terran 

Build Orders: Reaper Expand, MMM Bio 

Get SALT Encoding   

  12  0:01  SCV  
  13  0:13  SCV  
  14  0:18  Supply Depot  
  14  0:25  SCV  
  15  0:40  SCV  
  15  0:41  Barracks  
  16  0:47  Refinery  
  16  0:52  SCV  
  18  1:04  SCV  
  18  1:16  SCV  
  19  1:32  Reaper  
  20  1:33  Orbital Command  
  20  1:55  Command Center  
  20  1:59  SCV  
  21  2:12  Barracks Reactor  
  20  2:16  SCV  
  21  2:28  SCV  
  22  2:41  SCV  
  23  2:46  Barracks  
  23  2:48  Refinery  
  23  2:53  Factory  
  23  2:56  Engineering Bay  
  23  3:01  Supply Depot  
  23  3:07  SCV  
  23  3:08  Marine x2  
  23  3:11  Orbital Command  
  26  3:19  SCV  
  27  3:27  Marine x2  
  27  3:31  SCV  
  30  3:40  Supply Depot  
  30  3:41  SCV  
  30  3:43  SCV  
  30  3:45  Widow Mine, Barracks Tech Lab  
  30  3:47  Marine x2  
  36  3:53  SCV  
  36  3:55  SCV  
  38  3:56  Missile Turret  
  38  4:04  Starport  
  38  4:05  Marine x2, SCV  
  38  4:08  Stimpack  
  41  4:10  SCV  
  42  4:17  SCV  
  42  4:23  SCV  
  42  4:24  Marine x3  
  44  4:26  Widow Mine  
  44  4:30  SCV  
  50  4:32  Supply Depot  
  50  4:35  SCV  
  51  4:38  Terran Infantry Weapons Level 1  
  51  4:42  Marine, SCV  
  53  4:47  SCV  
  54  4:53  Medivac  
  54  4:54  Supply Depot  
  56  5:03  SCV x2  
  58  5:07  Marine x3  
  61  5:15  SCV  
  61  5:16  SCV  
  63  5:21  Supply Depot  
  63  5:24  Refinery  
  63  5:25  Marine x2  
  63  5:27  SCV  
  63  5:28  SCV, Widow Mine  
  67  5:30  Starport Reactor  
  67  5:32  Marine  
  70  5:43  Armory, Marine, SCV  
  70  5:46  Engineering Bay  
  70  5:47  Barracks, SCV  
  73  5:50  Marine, Marauder  
  73  5:51  Barracks  
  75  6:00  Marine  
  75  6:03  SCV  
  77  6:07  Factory Tech Lab  
  77  6:08  Combat Shields, Marine  
  78  6:11  Supply Depot  
  78  6:21  Refinery  
  78  6:22  Supply Depot  
  78  6:25  Supply Depot x2  
  78  6:33  Barracks, Medivac x2, SCV, Siege Tank  
  78  6:38  Barracks Tech Lab x2  
  86  6:42  Missile Turret  
  86  6:44  Marauder  
  88  6:47  Marine x2  
  90  6:57  SCV  
  91  7:04  Marine  
  91  7:05  Marine x2, Marauder  
  96  7:11  Liberator  
  96  7:23  SCV x2, Marauder  
  96  7:25  Marine x2, Marauder  
  96  7:26  Marauder  
  96  7:27  Siege Tank  
  110  7:33  Supply Depot x2  
  110  7:34  Supply Depot  
  110  7:37  Supply Depot  
  110  7:38  Supply Depot  
  110  7:44  Marauder  
  91  8:00  Marine x2  
  91  8:01  Marine x2  
  91  8:05  Marine  
  91  8:11  SCV  
  92  8:15  Terran Infantry Armor Level 1, Terran Infantry Weapons Level 2  
  92  8:18  Marine x3  
  92  8:19  Marine  
  96  8:23  Barracks, Marine  
  97  8:35  SCV  
  97  8:36  Marine x4, Barracks Reactor  
  97  8:41  Marine  
  97  8:54  Marine x3  
  97  8:55  Marauder  
  102  8:58  Marine  
  98  9:12  Marine x3  
  98  9:15  Marine x2  
  99  9:19  Marine x2  
  99  9:21  Medivac x2  
  99  9:22  SCV  
  106  9:29  Marine  
  106  9:30  Marauder  
  105  9:32  Missile Turret  
  105  9:36  Command Center  
  105  9:38  Siege Tank  
  105  9:40  SCV  
  105  9:42  Marine x2  
  105  9:43  Marine x2, Marauder  
  115  9:52  Marauder  
  117  10:01  Marine  
  117  10:02  Marine x4  
  117  10:04  Medivac x2  
  126  10:08  SCV x2  
  128  10:20  SCV  
  128  10:21  SCV  
  130  10:22  Liberator x2  
  111  10:36  Marine x3  
  111  10:37  Marine x2, Marauder x2  
  122  10:54  Marine x3  
  122  10:55  Marine, Marauder  
  122  10:56  SCV  
  123  10:57  Planetary Fortress  
  123  10:58  Marine, Marauder  
  125  11:05  Liberator x2  
  125  11:12  Marine  
  125  11:16  Marauder x2  
  130  11:23  SCV  
  130  11:24  SCV  
  101  12:01  Marine  
  101  12:02  Marine x4, Marauder x2  
  106  12:08  Viking  
  106  12:09  Viking  
  105  12:16  SCV  
  105  12:17  Refinery x2  
  105  12:19  Marine x2  
  105  12:20  Marauder  
  105  12:21  Marine  
Show
View Real Time Build Order
Export as new Build Order

ojjo Protoss 

Build Orders:  

Get SALT Encoding   

  12  0:01  Probe (Chrono Boost)  
  13  0:11  Probe (Chrono Boost)  
  14  0:20  Pylon  
  14  0:24  Probe (Chrono Boost)  
  15  0:38  Probe (Chrono Boost)  
  15  0:41  Gateway  
  16  0:47  Assimilator  
  16  0:50  Probe (Chrono Boost)  
  17  1:01  Probe (Chrono Boost)  
  19  1:11  Probe (Chrono Boost)  
  19  1:16  Assimilator  
  19  1:22  Probe (Chrono Boost)  
  20  1:32  Probe (Chrono Boost)  
  21  1:34  Cybernetics Core  
  21  1:37  Pylon  
  21  1:56  Probe (Chrono Boost)  
  22  2:11  Warp Gate (Chrono Boost)  
  22  2:12  Stalker  
  22  2:13  Mothership Core (Chrono Boost)  
  26  2:21  Pylon  
  26  2:27  Gateway  
  26  2:44  Stalker (Chrono Boost)  
  28  3:04  Nexus  
  28  3:05  Pylon  
  28  3:12  Adept (Chrono Boost)  
  30  3:16  Adept (Chrono Boost)  
  30  3:17  Probe  
  33  3:33  Gateway  
  33  3:40  Sentry (Chrono Boost)  
  35  3:43  Zealot (Chrono Boost)  
  37  3:59  Robotics Facility  
  37  4:18  Sentry  
  37  4:21  Zealot  
  37  4:23  Probe  
  42  4:24  Probe  
  43  4:35  Probe  
  43  4:36  Probe, Adept  
  47  4:46  Probe  
  47  4:47  Observer (Chrono Boost)  
  47  4:48  Probe  
  50  4:56  Probe  
  51  5:00  Probe  
  51  5:06  Immortal (Chrono Boost)  
  56  5:16  Pylon  
  56  5:20  Forge  
  56  5:22  Twilight Council  
  56  5:27  Probe  
  56  5:29  Probe  
  56  5:30  Gateway  
  58  5:37  Probe  
  58  5:41  Probe  
  58  5:53  Protoss Ground Weapons Level 1  
  58  5:55  Probe  
  59  5:58  Assimilator  
  59  6:02  Assimilator  
  59  6:05  Zealot  
  59  6:06  Zealot, Stalker  
  59  6:11  Colossus (Chrono Boost)  
  65  6:23  Robotics Bay  
  65  6:28  Zealot, Stalker  
  69  6:35  Pylon  
  69  6:36  Pylon  
  69  6:50  Zealot  
  69  6:57  Immortal  
  73  7:12  Stalker  
  73  7:13  Stalker x2  
  79  7:27  Pylon  
  79  7:30  Pylon  
  79  7:31  Gateway  
  79  7:34  Gateway  
  77  7:48  Zealot  
  33  8:18  Probe  
  9  8:28  Probe  
  9  8:29  Probe, Charge (Chrono Boost)  
  4  8:39  Probe  
  5  8:41  Probe  
  5  8:43  Nexus  
  4  8:49  Probe  
  4  8:52  Cybernetics Core  
  4  8:53  Probe  
  6  8:57  Gateway  
  6  9:09  Probe  
  5  9:22  Gateway  
  5  9:31  Pylon  
  5  9:33  Pylon  
  5  9:38  Pylon  
  5  9:45  Robotics Bay  
  5  9:46  Probe  
  6  9:57  Probe  
  6  9:58  Probe  
  8  10:14  Probe  
  8  10:18  Probe  
  10  10:27  Probe  
  11  10:37  Probe  
  11  10:38  Probe  
  13  10:49  Probe  
  13  10:50  Probe  
  15  10:59  Probe  
  16  11:10  Probe x2  
  18  11:20  Probe  
  18  11:21  Probe  
  20  11:31  Probe  
  20  11:32  Probe  
  21  11:38  Colossus  
  27  11:52  Probe  
  27  11:53  Probe  
  28  11:56  Zealot  
  28  11:57  Zealot  
  33  12:02  Probe  
  33  12:04  Probe  
  35  12:13  Probe  
  35  12:14  Probe  
  37  12:23  Zealot x2  
  37  12:24  Probe, Zealot  
  37  12:25  Probe  
Tags
 
Add a new tag
Caveats
  • Supply blocks, unpowered buildings, or Contaminate may cause inaccurate times.
  • Supply counts are checked every 10 seconds.